 Dungeon Crawl Stone Soup version 0.29-a0-664-gff9cad4a3d (webtiles) character file.

Game seed: 9666468729867483625

254 frimble the Shooter (level 5, 0/47 HPs)
             Began as a Minotaur Hunter on June 23, 2022.
             Slain by an orc priest
             ... wielding a +0 morningstar
              (7 damage)
             ... on level 4 of the Dungeon.
             The game lasted 00:02:05 (2105 turns).

frimble the Shooter (Minotaur Hunter)               Turns: 2105, Time: 00:02:06

Health: 0/47       AC:  5    Str: 16    XL:     5   Next: 91%
Magic:  4/4        EV: 12    Int: 10    God:
Gold:   173        SH:  0    Dex: 13    Spells: 4/4 levels left

rFire   . . .      SeeInvis .   a - +1 shortbow
rCold   . . .      Faith    .   (shield currently unavailable)
rNeg    . . .      Spirit   .   l - +2 leather armour of Sist {Int+2}
rPois   .          Reflect  .   (helmet restricted)
rElec   .          Harm     .   (no cloak)
rCorr   .          Rampage  .   (no gloves)
Will    .....                   (no boots)
Stlth   +.........              (no amulet)
HPRegen 0.15/turn               (no ring)
MPRegen 0.09/turn               (no ring)

@: brilliant
A: horns 2, retaliatory headbutt
a: no special abilities


You were on level 4 of the Dungeon.
You visited 1 branch of the dungeon, and saw 4 of its levels.

You collected 173 gold pieces.

Inventory:

Hand Weapons
 a - a +1 shortbow (weapon)
Armour
 l - the +2 leather armour of Sist (worn) {Int+2}
   (You found it on level 2 of the Dungeon)

   Int:       It affects your intelligence (+2).
Scrolls
 b - 2 scrolls of poison
 c - a scroll of immolation
Potions
 e - 2 potions of attraction
 f - 3 potions of flight
 h - a potion of lignification {unknown}
 i - 2 potions of haste {unknown}
 j - 4 potions of curing {unknown}


   Skills:
 + Level 4.9 Fighting
 + Level 5.9 Bows
 - Level 2.3 Dodging
 - Level 0.8 Stealth
 + Level 2.9 Unarmed Combat


You had 4 spell levels left.
You didn't know any spells.
Your spell library contained the following spells:

 Spells                   Type           Power      Damage    Failure   Level
 Slow                     Hex            0%         N/A       43%         1
 Sting                    Tmut/Pois      0%         1d3       43%         1
 Confusing Touch          Hex            0%         N/A       80%         3
 Spider Form              Tmut/Pois      0%         N/A       80%         3
 Vampiric Draining        Necr           0%         2d6       80%         3
 Blade Hands              Tmut           0%         N/A       100%        5
 Dragon Form              Tmut           0%         N/A       100%        7


Dungeon Overview and Level Annotations

Branches:
Dungeon (4/15)
 Temple: D:4-7

Altars:
Yredelemnul


Innate Abilities, Weirdness & Mutations

You have a pair of horns on your head.
You reflexively headbutt those who attack you in melee.


Message History

You shoot an arrow. The arrow barely misses the orc priest.
The orc priest closely misses you.
The orc priest looks satisfied for a moment.
The orc closely misses you.
The orc priest calls down the wrath of Beogh upon you.
Beogh smites you!
You are too injured to fight recklessly!
You are too injured to fight recklessly!
You are too injured to fight recklessly!
You are too injured to fight recklessly!
You are too injured to fight recklessly!
Found a short sword.
Shoot: a) +1 shortbow
Press: ? - help, Q - select action Shift-Dir - straight line, f/p - orc priest
Aim: an orc priest, wielding a +0 morningstar (63% to hit)
You shoot an arrow. The arrow barely misses the orc priest.
The arrow hits the orc.
The orc is moderately wounded.
The orc priest calls upon Beogh to heal the orc.
The orc's wounds heal themselves!
The orc priest looks encouraged for a moment.
Okay, then.
Unknown command.
Okay, then.
Unknown command.
The air fills with toxic fumes!
As you read the scroll labelled YDUZXE MIE, it crumbles to dust.
It was a scroll of poison.
The orc priest mumbles some strange prayers to Beogh against you.
Pain shoots through your body!
* * * LOW HITPOINT WARNING * * *
As you read the scroll labelled TOOSHY HAIRRI, it crumbles to dust.
You feel aware of your surroundings.
You sensed 1 altar.
It was a scroll of magic mapping.
The orc priest hits you with a +0 morningstar.
* * * LOW HITPOINT WARNING * * *
It was a potion of brilliance.
You feel clever all of a sudden.
The orc priest hits you with a +0 morningstar!
You die...

**,* *,* *,*****,*,* *,,, ,,,*
*>* *,**,,,,,,* **** **** *,*
*,,,,,,,*** * ** *,**** ****,****
** ,** *,,,,* *,* **, ,,**
**,,*,* *,**** **,, ,,,**
**,*,,,* *,**,** **,,,
,,,,****,§§#§#######§#§§.****,,,,
,,,,+,,,,§§§§§§§@ooo§§§§.,,,+,,,,
,,,,****,§§#§#####o§§§§§.****,,,,
,,,** **,**,* *.#§##§#* **,,,
,,** ****,* *.#,#*,* **,, ,** *,*
*?#,**,* **, ** *,* *.#,**,* ** *
*,* *.#,**,* * * *,* *..,,,,*** *
** *>* ***,**,,,** **


You could see 3 orc priests and an orc.

Vanquished Creatures
  A phantom (D:2)
  A scorpion (D:2)
  An orc wizard (D:4)
  4 adders
  3 dart slugs
  7 ball pythons
  9 bats
  7 endoplasms
  2 giant cockroaches
  3 goblins
  7 hobgoblins
  2 jackals (D:3)
  A quokka (D:2)
  A frilled lizard (D:2)
  6 kobolds
  2 rats
57 creatures vanquished.

Vanquished Creatures (others)
  A withered plant (D:3)
1 creature vanquished.

Grand Total: 58 creatures vanquished

Notes
Turn   | Place    | Note
-------+----------+-------------------------------------------
     0 | D:1      | frimble the Minotaur Hunter began the quest for the Orb.
     0 | D:1      | Reached XP level 1. HP: 18/18 MP: 0/0
   145 | D:1      | Found a faded altar of an unknown god.
   214 | D:1      | Reached XP level 2. HP: 25/25 MP: 1/1
   500 | D:1      | Got Hydyigg's Grimoire of Contamination and Shape Shifting
   786 | D:2      | Reached XP level 3. HP: 31/31 MP: 2/2
   870 | D:2      | Reached skill level 5 in Bows
   940 | D:2      | Noticed a scorpion
   954 | D:2      | Killed a scorpion
   955 | D:2      | Reached skill level 1 in Unarmed Combat
   955 | D:2      | Reached XP level 4. HP: 22/40 MP: 3/3
  1218 | D:2      | Noticed a phantom
  1227 | D:2      | Killed a phantom
  1228 | D:2      | Reached XP level 5. HP: 43/47 MP: 4/4
  1419 | D:2      | Identified the +2 leather armour of Sist {Int+2}
  1519 | D:3      | Found a basalt altar of Yredelemnul.
  2105 | D:4      | Slain by an orc priest

Illustrated notes

Levels and vault maps discovered:
D:1:      roderic_dead_forest, layout_basic, ebering_ecumenical_altar_box,
          minmay_misc_feat_four_crosses, serial_bayou_pond_e
D:2:      layout_rooms
D:3:      layout_rooms, yredelemnul_altar_generic
D:4:      layout_loops_corners, mainiacjoe_overflow_alcove_2, minmay_liquid_box

Skill      XL: |  1  2  3  4 |
---------------+-------------+-----
Fighting       | 3 4 |  4.9
Bows           | 5 |  5.9
Unarmed Combat | 1 2 |  2.9
Dodging        | |  2.3
Stealth        | |  0.8

Action                   |  1- 3 |  4- 6 || total
-------------------------+-------+-------++-------
 Fire: Shortbow          |    80 |    91 ||   171
Throw: Throwing net      |     1 |       ||     1
  Use: Scroll            |       |     6 ||     6
       Potion            |       |     1 ||     1
Armor: Leather armour    |     6 |    17 ||    23
Dodge: Dodged            |    26 |    33 ||    59

Table legend: (Time is in decaauts)
 A = Elapsed time spent in this place.
 B = Non-inter-level travel time spent in this place.
 C = Inter-level travel time spent in this place.
 D = Time resting spent in this place.
 E = Time spent auto-exploring this place.
 F = Levels seen in this place.
 G = Mean time per level.
                   A        B        C        D        E       F      G
               +--------+--------+--------+--------+--------+-----+--------+
         Total |   2151 |   2007 |    144 |      0 |   1663 |   4 |  537.8 |
       Dungeon |   2151 |   2007 |    144 |      0 |   1663 |   4 |  537.8 |
               +--------+--------+--------+--------+--------+-----+--------+

Top non-repeatable levels by time:
     D:1: 796 daAuts
     D:2: 740 daAuts
     D:3: 603 daAuts
     D:4: 10 daAuts
